 Dungeon Crawl Stone Soup version 0.31-a0-845-g9abc20d24f (webtiles) character file.

Game seed: 999132559332866218

1621 jt the Geomancer (level 8, 0/44 HPs)
             Began as a Gargoyle Earth Elementalist on Oct 1, 2023.
             Was an Initiate of Vehumet.
             Slain by an orc warrior
             ... wielding a +0 halberd
              (13 damage)
             ... on level 6 of the Dungeon.
             The game lasted 00:13:38 (5194 turns).

jt the Geomancer (Gargoyle Earth Elementalist)      Turns: 5194, Time: 00:13:39

Health: 0/44       AC:  9    Str: 13    XL:     8   Next: 96%
Magic:  1/14       EV: 11    Int: 17    God:    Vehumet [......]
Gold:   171        SH:  0    Dex: 10    Spells: 11/15 levels left

rFire   . . .        D - staff of earth
rCold   + . .        (no shield)
rNeg    + . .        j - +0 robe
rPois   ∞            (no helmet)
rElec   +            E - +0 cloak
rCorr   .            e - +0 pair of gloves
SInv    .            (no boots)
Will    .....        (no amulet)
Stlth   ++           h - ring of protection from cold
HPRegen 0.27/turn    (no ring)
MPRegen 0.14/turn

%: no passive effects
@: no status effects
A: sickness immunity, AC +5, negative energy resistance 1, electricity
resistance, torment resistance 1, petrification resistance
a: Renounce Religion


You were on level 6 of the Dungeon.
You worshipped Vehumet.
Vehumet was noncommittal.
You visited 2 branches of the dungeon, and saw 7 of its levels.

You collected 171 gold pieces.

Inventory:

Hand Weapons
 a - a +2 dagger of speed
 c - a +0 dagger
 l - a +0 halberd
 q - a +0 hand axe
 r - a +1 heavy lajatang
 s - a +0 trident
 t - a +0 spear
 w - the +9 dagger "Acewue" {pain, Fly Str+4 Int-3}
   (You found it on level 4 of the Dungeon)

   Str+4:     It affects your strength (+4).
   Int-3:     It affects your intelligence (-3).
   Fly:       It grants you flight.
 z - a +0 shortbow
Missiles
 k - 45 stones
 u - 11 poisoned darts
 F - 6 atropa-tipped darts
 G - 3 boomerangs
Armour
 d - a +0 ring mail
 e - a +0 pair of gloves (worn)
 j - a +0 robe (worn)
 E - a +0 cloak (worn)
Magical Staves
 y - a staff of air
 B - a staff of poison
 D - a staff of earth (weapon)
Jewellery
 h - a ring of protection from cold (left hand)
Wands
 p - a wand of quicksilver (3)
Scrolls
 f - a scroll of summoning
 g - 2 scrolls of blinking
 i - a scroll of fog
 m - a scroll of amnesia
 v - a scroll of silence
 I - a scroll of enchant weapon
Potions
 b - a potion of magic
 n - 5 potions of curing
 o - a potion of attraction {unknown}
 x - a potion of mutation {unknown}
 A - a potion of degeneration {unknown}
 C - 2 potions of brilliance


   Skills:
 + Level 2.2 Fighting
 - Level 1.5 Dodging
 - Level 2.1 Stealth
 - Level 4.1 Spellcasting
 + Level 7.2 Conjurations
 - Level 1.0 Transmutations
 + Level 9.4 Earth Magic


You had 11 spell levels left.
You knew the following spells:

 Your Spells              Type           Power      Damage    Failure   Level
a - Sandblast             Erth           100%       2d20      1%          1
b - Stone Arrow           Conj/Erth      94%        3d12      1%          3

Your spell library contained the following spells:

 Spells                   Type           Power      Damage    Failure   Level
 Passwall                 Tmut/Erth      25%        N/A       2%          2
 Brom's Barrelling Bould  Conj/Erth      47%        2d6       4%          4
 Dazzling Flash           Conj/Hex       30%        N/A       11%         3
 Necrotise                Necr           12%        1d4       16%         1
 Slow                     Hex            12%        N/A       16%         1
 Petrify                  Tmut/Erth      31%        N/A       19%         4
 Confusing Touch          Hex            3%         N/A       43%         3
 Sigil of Binding         Hex            3%         N/A       43%         3
 Vampiric Draining        Necr           3%         2d6       43%         3
 Agony                    Necr           3%         N/A       99%         5
 Silence                  Hex/Air        1%         N/A       99%         5


Dungeon Overview and Level Annotations

Branches:
Dungeon (6/15)             Temple (1/1) D:5

Altars:
Ashenzari
Cheibriados
Dithmenos
Elyvilon
Fedhas
Hepliaklqana
Kikubaaqudgha
Makhleb
Nemelex Xobeh
Okawaru
Qazlal
Ru
Sif Muna
Vehumet
Wu Jian
Xom
Zin

Shops:
D:5 (

Annotations:
D:3 Sigmund
D:4 1 runed translucent door, Crazy Yiuf
Temple 2 transporters


Innate Abilities, Weirdness & Mutations

You are immune to sickness and miasma.
Your stone body is resilient. (AC +5)
You are immune to poison.
You resist negative energy. (rN+)
You are resistant to electric shocks. (rElec)
You are resistant to unholy torment.
You are immune to petrification.


Message History

There is an open door here.
The orc warrior completely misses you. The orc attacks as it pursues you!
The orc closely misses you.
Okay, then.
Press: ? - help, v - describe, . - travel
Here: an orc warrior, wielding a +0 halberd and wearing a +0 chain mail The floor.
Aiming: Quicksilver Bolt
Press: ? - help, Shift-Dir - straight line, f - orc warrior
Aim: an orc warrior, wielding a +0 halberd and wearing a +0 chain mail (68% to hit)
The bolt of dispelling energy hits the orc!!
You kill the orc!
Vehumet accepts your kill.
The bolt of dispelling energy hits the orc warrior!!
The orc warrior is severely wounded.
The orc throws a boomerang.
The boomerang hits you but does no damage.
The orc warrior hits you from afar with a +0 halberd!!
Casting: Sandblast (safe; 1% risk of failure)
Confirm with . or Enter, or press ? or * to list all spells.
Aiming: Stone Arrow (safe; 1% risk of failure)
Press: ? - help, Shift-Dir - straight line, f/p - orc warrior
Aim: an orc warrior, wielding a +0 halberd and wearing a +0 chain mail (severely wounded, 73% to hit)
You feel a surge of power!
The stone arrow misses the orc warrior.
The orc warrior hits you from afar with a +0 halberd.
The orc throws a boomerang.
The boomerang hits you but does no damage.
Casting: Stone Arrow (safe; 1% risk of failure)
Confirm with . or Enter, or press ? or * to list all spells.
Aiming: Sandblast (safe; 1% risk of failure)
Press: ? - help, Shift-Dir - straight line, f/p - orc warrior
Aim: an orc warrior, wielding a +0 halberd and wearing a +0 chain mail (severely wounded, 84% to hit)
You feel a surge of power!
The blast of sand hits the orc warrior but does no damage.
The orc warrior is severely wounded.
The orc warrior hits you from afar with a +0 halberd!
* * * LOW HITPOINT WARNING * * *
You feel better.
The orc warrior hits you from afar with a +0 halberd!
You die...

#######.......#.......#
#......###+####.......#
#......#.....##########
#......#...........
#......#...........
#......#...........
#......#...........
#......#o.........
#.....@o.........
#......#.)...##
#.....)#.))).#####
#......#...........
#......'...........
#......#..........o
########.....##....
......# #### #......#


You could see an orc warrior and an orc.

Vanquished Creatures
  Prince Ribbit (D:5)
  Grinder (D:3)
  A steam dragon (D:5)
  Menkaure (D:4)
  An ice beast (D:4)
  An ogre (D:4)
  A centaur (D:5)
  A phantom (D:6)
  Blork the orc (D:4)
  A scorpion (D:5)
  An orc priest (D:5)
  A bullfrog skeleton (D:4)
  A sleepcap (D:4)
  Natasha (thrice) (D:4)
  2 iguanas
  3 orc wizards
  A bullfrog simulacrum (D:4)
  11 gnolls
  2 adders
  A shadow imp (D:6)
  A white imp (D:5)
  2 ufetubi (D:5)
  3 adder skeletons (D:4)
  An adder zombie (D:4)
  3 worms
  2 dart slugs
  6 orcs
  3 ball pythons
  8 endoplasms
  5 giant cockroaches
  5 goblins
  7 hobgoblins
  6 jackals
  2 quokkas
  2 bats
  A frilled lizard (D:3)
  8 kobolds
  3 rats (D:1)
104 creatures vanquished.

Vanquished Creatures (collateral kills)
  A kobold (D:3)
1 creature vanquished.

Grand Total: 105 creatures vanquished

Notes
Turn   | Place    | Note
-------+----------+-------------------------------------------
     0 | D:1      | jt the Gargoyle Earth Elementalist began the quest for the
                  | Orb.
     0 | D:1      | Reached XP level 1. HP: 10/10 MP: 3/3
   185 | D:1      | Reached skill level 1 in Transmutations
   245 | D:1      | Reached XP level 2. HP: 15/15 MP: 3/5
   316 | D:1      | Reached skill level 4 in Earth Magic
  1168 | D:2      | Reached XP level 3. HP: 19/19 MP: 4/6
  1773 | D:2      | Reached XP level 4. HP: 24/24 MP: 4/8
  2047 | D:3      | Noticed Sigmund
  2286 | D:3      | Learned a level 3 spell: Stone Arrow
  2421 | D:3      | Reached skill level 5 in Earth Magic
  2422 | D:3      | Reached skill level 1 in Conjurations
  2502 | D:3      | Reached XP level 5. HP: 28/28 MP: 8/10
  2557 | D:3      | Noticed Grinder
  2562 | D:3      | Killed Grinder
  2563 | D:3      | Reached XP level 6. HP: 32/32 MP: 8/12
  2910 | D:4      | Noticed Natasha
  3029 | D:4      | Killed Natasha
  3030 | D:4      | Reached skill level 6 in Earth Magic
  3132 | D:4      | Identified the +9 dagger "Acewue" {pain, Fly Str+4 Int-3}
  3170 | D:4      | Reached XP level 7. HP: 36/36 MP: 13/13
  3190 | D:4      | Noticed Natasha
  3197 | D:4      | Killed Natasha
  3278 | D:4      | Noticed Menkaure
  3288 | D:4      | Killed Menkaure
  3416 | D:4      | Noticed Natasha
  3422 | D:4      | Reached skill level 7 in Earth Magic
  3424 | D:4      | Killed Natasha
  3530 | D:4      | Noticed Blork the orc
  3537 | D:4      | Killed Blork the orc
  3538 | D:4      | Reached skill level 5 in Conjurations
  3783 | D:4      | Reached XP level 8. HP: 41/41 MP: 8/14
  3836 | D:4      | Found a runed translucent door.
  3837 | D:4      | Noticed Crazy Yiuf
  3879 | D:5      | Entered Level 5 of the Dungeon
  3896 | D:5      | Reached skill level 8 in Earth Magic
  4004 | D:5      | Noticed Prince Ribbit
  4033 | D:5      | Killed Prince Ribbit
  4425 | D:5      | Reached skill level 9 in Earth Magic
  4520 | D:5      | Found a staircase to the Ecumenical Temple.
  4525 | Temple   | Found a transporter.
  4525 | Temple   | Found a transporter.
  4525 | Temple   | Found a transporter.
  4525 | Temple   | Found a transporter.
  4525 | Temple   | Entered the Ecumenical Temple
  4538 | Temple   | Became a worshipper of Vehumet
  4636 | D:5      | Reached skill level 1 in Fighting
  4746 | D:5      | Found Ifiku's Antique Weapon Shoppe.
  5031 | D:6      | Identified a scroll of acquirement
  5031 | D:6      | Acquired a staff of earth
  5194 | D:6      | Slain by an orc warrior

Illustrated notes

Levels and vault maps discovered:
D:1:      minmay_arrival_hallway, layout_basic, minmay_tetromino_s4
D:2:      layout_loops_ring
D:3:      layout_basic, uniq_sigmund, uniq_grinder
D:4:      layout_rooms, dilly_guarded_unrand_morg, uniq_blork_the_orc,
          uniq_crazy_yiuf_cottage, uniq_menkaure
D:5:      layout_cave_pools, minmay_temple_entry_drinking_statues, serial_shops,
          shop, uniq_prince_ribbit1
D:6:      layout_gridville, enter_ossuary_3
Temple:   hellmonk_temple_divided_pantheon

Skill      XL: |  1  2  3  4  5  6  7  8 |
---------------+-------------------------+-----
Transmutations | 1 |  1.0
Earth Magic    | 4 5 6 7 9 |  9.4
Spellcasting   | 3 4 |  4.1
Conjurations   | 1 2 3 5 7 |  7.2
Fighting       | 2 |  2.2
Dodging        | |  1.5
Stealth        | |  2.1

Action                     |  1- 3 |  4- 6 |  7- 9 || total
---------------------------+-------+-------+-------++-------
  Melee: Dagger            |     6 |     2 |    17 ||    25
         Lajatang          |       |    19 |       ||    19
         Staff             |       |       |     9 ||     9
  Throw: Dart              |       |     3 |     3 ||     6
   Cast: Sandblast         |    43 |    44 |    41 ||   128
         Stone Arrow       |       |       |    25 ||    25
  Evoke: Wand              |       |     3 |     1 ||     4
    Use: Scroll            |     1 |     8 |     3 ||    12
         Potion            |       |     2 |     3 ||     5
 Armour: Robe              |     6 |    29 |    53 ||    88
  Dodge: Dodged            |    12 |    36 |    27 ||    75

Table legend: (Time is in decaauts)
 A = Elapsed time spent in this place.
 B = Non-inter-level travel time spent in this place.
 C = Inter-level travel time spent in this place.
 D = Time resting spent in this place.
 E = Time spent auto-exploring this place.
 F = Levels seen in this place.
 G = Mean time per level.
                   A        B        C        D        E       F      G
               +--------+--------+--------+--------+--------+-----+--------+
         Total |   5286 |   4959 |    327 |   1158 |   2491 |   7 |  755.1 |
       Dungeon |   5255 |   4937 |    318 |   1158 |   2491 |   6 |  875.8 |
        Temple |     30 |     21 |      9 |      0 |      0 |   1 |   30.0 |
               +--------+--------+--------+--------+--------+-----+--------+

Top non-repeatable levels by time:
     D:1: 1154 daAuts
     D:4: 1069 daAuts
     D:5: 1022 daAuts
     D:2: 958 daAuts
     D:3: 878 daAuts
     D:6: 172 daAuts
  Temple: 30 daAuts
